 Dungeon Crawl Stone Soup version 0.28.0-47-ge53b351184 (webtiles) character file.

Game seed: 10505563451790230722

7 H0rd4k the Magician (level 1, 0/10 HPs)
             Began as a Deep Elf Hedge Wizard on May 5, 2022.
             Succumbed to a kobold's poison
             ... on level 1 of the Dungeon on May 6, 2022.
             The game lasted 00:00:29 (358 turns).

H0rd4k the Magician (Deep Elf Hedge Wizard)          Turns: 358, Time: 00:00:30

Health: 0/10       AC:  2    Str:  7    XL:     1   Next: 83%
Magic:  0/8        EV: 12    Int: 18    God:
Gold:   11         SH:  0    Dex: 14    Spells: 9/10 levels left

rFire   . . .      SeeInvis .   a - +0 dagger
rCold   . . .      Faith    .   (no shield)
rNeg    . . .      Spirit   .   b - +0 robe
rPois   .          Reflect  .   c - +0 hat
rElec   .          Harm     .   (no cloak)
rCorr   .          Rampage  .   (no gloves)
Will    .....                   (no boots)
Stlth   ++........              (no amulet)
HPRegen 0.03/turn               (no ring)
MPRegen 0.11/turn               (no ring)

@: lethally poisoned (0 -> -5), very slightly contaminated
A: no striking features
a: no special abilities


You were on level 1 of the Dungeon.
You visited 1 branch of the dungeon, and saw 1 of its levels.

You collected 11 gold pieces.

Inventory:

Hand Weapons
 a - a +0 dagger (weapon)
Armour
 b - a +0 robe (worn)
 c - a +0 hat (worn)
Scrolls
 d - a scroll of teleportation {unknown}


   Skills:
 + Level 0.1 Fighting
 + Level 2.4 Dodging
 - Level 2.4 Stealth
 + Level 5.0 Spellcasting
 + Level 1.1 Conjurations
 + Level 1.1 Summonings
 + Level 1.1 Translocations


You had 9 spell levels left.
You knew the following spells:

 Your Spells              Type           Power      Damage    Failure   Level
a - Magic Dart            Conj           32%        1d4       9%          1

Your spell library contained the following spells:

 Spells                   Type           Power      Damage    Failure   Level
 Slow                     Hex            16%        N/A       13%         1
 Blink                    Tloc           16%        N/A       13%         2
 Call Imp                 Summ           8%         N/A       13%         2
 Conjure Flame            Conj/Fire      6%         6-21      32%         3
 Mephitic Cloud           Conj/Pois/Air  5%         N/A       34%         3


Dungeon Overview and Level Annotations

Branches:
Dungeon (1/15)

Altars:


Message History

The magic dart hits the kobold but does no damage.
The kobold is moderately wounded.
The magic dart hits the kobold but does no damage.
The kobold is moderately wounded.
The magic dart hits the kobold but does no damage.
The kobold is moderately wounded.
Saving game... please wait.
Welcome back, H0rd4k the Deep Elf Hedge Wizard.
Press ? for a list of commands and other information.
The magic dart hits the rat.
You kill the rat!
The magic dart hits the kobold.
The kobold is heavily wounded.
The kobold hits you with a +1 short sword of venom.
Ouch! That really hurt!
You are lethally poisoned!
You are too injured to fight recklessly!
You are too injured to fight recklessly!
You are too injured to fight recklessly!
* * * LOW HITPOINT WARNING * * *
You feel sick.
There is a large open door here.
You are too injured to fight recklessly!
Casting: Magic Dart (safe; 9% risk of failure)
Confirm with . or Enter, or press ? or * to list all spells.
Aiming: Magic Dart (safe; 9% risk of failure)
Press: ? - help, Shift-Dir - straight line, f/p - kobold
Aim: a kobold, wielding a +1 short sword of venom (heavily wounded, 100% to hit)
You miscast Magic Dart.
You are very lightly contaminated with residual magic.
Nothing appears to happen.
* * * LOW HITPOINT WARNING * * *
You feel sick.
Casting: Magic Dart (safe; 9% risk of failure)
Confirm with . or Enter, or press ? or * to list all spells.
Aiming: Magic Dart (safe; 9% risk of failure)
Press: ? - help, Shift-Dir - straight line, f/p - kobold
Aim: a kobold, wielding a +1 short sword of venom (heavily wounded, 100% to hit)
The magic dart hits the kobold but does no damage.
The kobold is heavily wounded.
You die...

##### ####### #...#
..!...$##...#####
.......K@...>...#
.......##.......#
....†..##.......#
..#........#.####
...........#.##########
...........#..........#
..?........#.†........###
...†.......#..#.......'..
######..##..######..###


You could see a kobold.

Vanquished Creatures
  2 bats (D:1)
  A goblin (D:1)
  A hobgoblin (D:1)
  2 frilled lizards (D:1)
  A rat (D:1)
7 creatures vanquished.

Notes
Turn   | Place    | Note
-------+----------+-------------------------------------------
     0 | D:1      | H0rd4k the Deep Elf Hedge Wizard began the quest for the
                  | Orb.
     0 | D:1      | Reached XP level 1. HP: 10/10 MP: 7/7
   335 | D:1      | Reached skill level 5 in Spellcasting
   358 | D:1      | Succumbed to a kobold's poison

Illustrated notes

Levels and vault maps discovered:
D:1:      scummos_arrival_hexagon, layout_basic, serial_aquarium,
          aquarium_bridge_straight [aquarium_subvault_bridge,
          aquarium_subvault_window, aquarium_subvault_bridge,
          aquarium_subvault_wall], aquarium_bridge_island_small
          [aquarium_subvault_small_water, aquarium_subvault_balcony,
          aquarium_subvault_window, aquarium_subvault_balcony,
          aquarium_subvault_bridge], aquarium_window_1, aquarium_window_corner,
          aquarium_window_fake, aquarium_view_2g, aquarium_pool_side

Skill      XL: |  1 |
---------------+----+-----
Spellcasting   | 5 |  5.0
Fighting       | |  0.1
Dodging        | |  2.4
Stealth        | |  2.4
Conjurations   | |  1.1
Summonings     | |  1.1
Translocations | |  1.1

Action                   || total
-------------------------++-------
Melee: Dagger            ||     7
 Cast: Magic Dart        ||    25
Armor: Robe              ||     5
Dodge: Dodged            ||    10
